 Dungeon Crawl Stone Soup version 0.28-a0-1199-gef9e1dbd39 (webtiles) character file.

Game seed: 9707219212666011683

1584 Fortus the Purveyor of Pain (level 8, 0/57 HPs)
             Began as a Demonspawn Necromancer on Dec 19, 2021.
             Was an Initiate of Kikubaaqudgha.
             Slain by a five-headed hydra (8 damage)
             ... on level 7 of the Dungeon.
             The game lasted 00:20:54 (8157 turns).

Fortus the Purveyor of Pain (DsNe)                  Turns: 8157, Time: 00:20:55

Health: 0/57       AC:  3    Str:  9    XL:     8   Next: 61%
Magic:  2/15       EV: 12    Int: 19    God:    Kikubaaqudgha [......]
Gold:   332        SH:  9    Dex: 13    Spells: 3/17 levels left

rFire   . . .      SeeInvis .   k - +0 trident
rCold   . . .      Faith    +   c - +0 buckler
rNeg    . . .      Spirit   .   a - +0 robe
rPois   .          Reflect  .   i - +0 helmet
rElec   .          Harm     .   (no cloak)
rCorr   .          Rampage  .   (no gloves)
Will    .....                   (no boots)
Stlth   ++........              e - amulet of faith
HPRegen 0.19/turn               (no ring)
MPRegen 0.14/turn               (no ring)

@: no status effects
A: large bone plates 1, demonic guardian 3
a: Renounce Religion


You were on level 7 of the Dungeon.
You worshipped Kikubaaqudgha.
Kikubaaqudgha was noncommittal.
You visited 2 branches of the dungeon, and saw 8 of its levels.

You collected 332 gold pieces.

Inventory:

Hand Weapons
 h - a +0 dagger
 k - a +0 trident (weapon)
Armour
 a - a +0 robe (worn)
 c - a +0 buckler (worn)
 i - a +0 helmet (worn)
Jewellery
 e - an amulet of faith (around neck)
Wands
 l - a wand of iceblast (7)
Scrolls
 b - 3 scrolls of teleportation
 d - a scroll of silence {unknown}
 f - a scroll of amnesia {unknown}
 g - 2 scrolls of noise {unknown}
 j - 2 scrolls of immolation {unknown}
 m - a scroll of identify {unknown}
 q - a scroll of blinking {unknown}
Potions
 n - 2 potions of curing {unknown}
 o - a potion of magic {unknown}
 p - a potion of might {unknown}
 r - a potion of attraction {unknown}
 s - a potion of lignification {unknown}


   Skills:
 + Level 2.4 Fighting
 - Level 1.7 Dodging
 - Level 1.7 Stealth
 - Level 4.0 Shields
 + Level 5.3 Spellcasting
 * Level 9.6 Necromancy


You had 3 spell levels left.
You knew the following spells:

 Your Spells              Type           Power      Damage    Failure   Level
a - Pain                  Necr           100%       1d9       1%          1
b - Animate Skeleton      Necr           82%        N/A       1%          1
c - Vampiric Draining     Necr           41%        2d8       1%          3
d - Animate Dead          Necr           20%        N/A       2%          4
e - Agony                 Necr           41%        N/A       6%          5

Your spell library contained the following spells:

 Spells                   Type           Power      Damage    Failure   Level
 Sublimation of Blood     Necr           41%        N/A       1%          2
 Corpse Rot               Necr/Air       46%        N/A       2%          2
 Sting                    Tmut/Pois      20%        1d4       12%         1
 Blink                    Tloc           10%        N/A       19%         2
 Poisonous Vapours        Pois/Air       10%        N/A       19%         2
 Lesser Beckoning         Tloc           5%         N/A       36%         3
 Olgreb's Toxic Radiance  Pois           5%         N/A       77%         4
 Petrify                  Tmut/Erth      5%         N/A       77%         4
 Irradiate                Conj/Tmut      2%         3d14      98%         5
 Manifold Assault         Tloc           5%         N/A       98%         5


Dungeon Overview and Level Annotations

Branches:
Dungeon (7/15)             Temple (1/1) D:5

Altars:
Ashenzari
Cheibriados
Dithmenos
Elyvilon
Fedhas
Gozag
Kikubaaqudgha
Makhleb
Nemelex Xobeh
Okawaru
Qazlal
Ru
Sif Muna
Trog
Uskayaw
Vehumet
Wu Jian
Xom
Yredelemnul
Zin
The Shining One

Shops:
D:1 *


Innate Abilities, Weirdness & Mutations

You are partially covered in large bone plates. (SH +4)
A powerful demonic guardian rushes to your aid.


Message History

You swap places.
Your two-headed ogre zombie barely misses the five-headed hydra.
Your two-headed ogre zombie hits the five-headed hydra!
The five-headed hydra bites your two-headed ogre zombie! x2
The five-headed hydra bites your two-headed ogre zombie. x2
Your two-headed ogre zombie is destroyed!
Reach: k) +0 trident
Press: ? - help, Dir - move target, f/p - five-headed hydra
Aim: a five-headed hydra (lightly wounded, about 24% to evade your +0 trident)
You reach to attack!
You hit the five-headed hydra.
The five-headed hydra is moderately wounded.
The five-headed hydra writhes in agony.
You block the five-headed hydra's attack.
The five-headed hydra barely misses you. x2
The five-headed hydra bites you but does no damage.
The five-headed hydra closely misses you.
The five-headed hydra writhes in agony!
The five-headed hydra bites you! The five-headed hydra bites you.
The five-headed hydra barely misses you.
The five-headed hydra bites you.
The five-headed hydra closely misses you.
The five-headed hydra resists with significant effort.
The five-headed hydra bites you.
You block the five-headed hydra's attack.
The five-headed hydra bites you. The five-headed hydra bites you!
The five-headed hydra bites you.
* * * LOW HITPOINT WARNING * * *
You are too injured to fight recklessly!
Casting: Pain (safe; 1% risk of failure)
Confirm with . or Enter, or press ? or * to list all spells.
Aiming: Pain (safe; 1% risk of failure)
Press: ? - help, Shift-Dir - straight line, f/p - five-headed hydra
Aim: a five-headed hydra (chance to affect: 54%)
The five-headed hydra writhes in agony!
You block the five-headed hydra's attack.
The five-headed hydra bites you!
* * * LOW HITPOINT WARNING * * *
A demonic guardian appears!
The five-headed hydra bites you!
You die...
Kikubaaqudgha rasps: "You have failed me!
Welcome... death!"

#.#.........#
#.#..####.#######
#.#.## ##........ .
#.#.# ##..#####.....
#.#[###.#.#####.....
#.#.##.###..........
#.......#.#.####....
#<#..###.###.# .
#.#@3....# #.#
#.#.D.######.#
#.#.#.## ##.##
#.#.#..###.##
#.#.#.#...##
#.#.#.##### ###.#
#.#.#.# #....
####...#.#####
####....
#............#
#.......


You could see a five-headed hydra (ally target) and a friendly sun demon
(summoned).

Vanquished Creatures
  A steam dragon (D:6)
  2 ice beasts
  A phantom (D:4)
  A bullfrog (D:4)
  A scorpion (D:5)
  A howler monkey (D:5)
  A bullfrog skeleton (D:5)
  2 hounds (D:5)
  A jelly (D:5)
  A centaur skeleton (D:5)
  2 orc priests
  A scorpion zombie (D:5)
  2 iguanas
  5 orc wizards
  A mummy (D:5)
  2 howler monkey skeletons
  5 adders
  An ufetubus (D:6)
  3 worms
  A dart slug (D:5)
  22 orcs
  6 ball pythons
  2 bats
  7 endoplasms
  A giant cockroach (D:2)
  5 goblins
  5 hobgoblins
  5 jackals
  3 quokkas
  4 frilled lizards
  2 kobolds
  6 rats
103 creatures vanquished.

Vanquished Creatures (collateral kills)
  A sky beast (D:5)
  An ice beast (D:6)
  An ogre (D:4)
  A scorpion (D:5)
  2 orc priests (D:5)
  A scorpion zombie (D:5)
  A hound zombie (D:5)
  An adder (D:5)
  A shadow imp (D:6)
  An ufetubus (D:5)
  A rat (D:3)
12 creatures vanquished.

Vanquished Creatures (others)
  A plant (D:1)
1 creature vanquished.

Grand Total: 116 creatures vanquished

Notes
Turn   | Place    | Note
-------+----------+-------------------------------------------
     0 | D:1      | Fortus the Demonspawn Necromancer began the quest for the
                  | Orb.
     0 | D:1      | Reached XP level 1. HP: 13/13 MP: 3/3
     2 | D:1      | Learned a level 1 spell: Animate Skeleton
   409 | D:1      | Gained mutation: A weak demonic guardian rushes to your
                  | aid. [demonic ancestry]
   409 | D:1      | Reached XP level 2. HP: 16/19 MP: 1/5
   568 | D:1      | Found Sucw's Assorted Antiques.
  1272 | D:2      | Reached skill level 1 in Shields
  1272 | D:2      | Reached skill level 5 in Necromancy
  1272 | D:2      | Gained mutation: You are partially covered in large bone
                  | plates. (SH +4) [demonic ancestry]
  1272 | D:2      | Reached XP level 3. HP: 13/24 MP: 1/6
  1515 | D:2      | Found a faded altar of an unknown god.
  2121 | D:3      | Learned a level 3 spell: Vampiric Draining
  2204 | D:3      | Gained mutation: A demonic guardian rushes to your aid.
                  | [demonic ancestry]
  2204 | D:3      | Reached XP level 4. HP: 27/30 MP: 3/7
  3057 | D:3      | Reached XP level 5. HP: 32/35 MP: 5/9
  3382 | D:4      | Reached skill level 6 in Necromancy
  3675 | D:4      | Gained mutation: A powerful demonic guardian rushes to your
                  | aid. [demonic ancestry]
  3675 | D:4      | Reached XP level 6. HP: 21/41 MP: 0/11
  3896 | D:4      | Reached skill level 7 in Necromancy
  4264 | D:5      | Entered Level 5 of the Dungeon
  4266 | D:5      | Noticed an ice beast
  4275 | D:5      | Killed an ice beast
  4276 | D:5      | Reached XP level 7. HP: 32/46 MP: 4/12
  4438 | D:5      | Learned a level 4 spell: Animate Dead
  4727 | D:5      | Reached skill level 8 in Necromancy
  5283 | D:5      | Learned a level 5 spell: Agony
  5611 | D:5      | Found a staircase to the Ecumenical Temple.
  5618 | Temple   | Entered the Ecumenical Temple
  6016 | Temple   | Became a worshipper of Kikubaaqudgha
  6061 | D:5      | Reached XP level 8. HP: 44/52 MP: 14/14
  6995 | D:6      | Reached skill level 1 in Fighting
  7191 | D:6      | Reached * piety under Kikubaaqudgha
  7191 | D:6      | Received a gift from Kikubaaqudgha
  7192 | D:6      | Reached skill level 5 in Spellcasting
  7192 | D:6      | Reached skill level 9 in Necromancy
  7606 | D:6      | Found a glowing drain.
  8116 | D:7      | Noticed a five-headed hydra
  8157 | D:7      | Slain by a five-headed hydra

Illustrated notes

Levels and vault maps discovered:
D:1:      saegor_arrival_under_anarchy, layout_basic, serial_forest,
          infiniplex_forest_straight_3, infiniplex_forest_clump_double,
          infiniplex_forest_pool, infiniplex_forest_end_3,
          infiniplex_forest_clump_double, infiniplex_forest_clump_small,
          infiniplex_forest_clump_C, serial_shops, shop
D:2:      layout_rooms, shapermc_ecumenical_altar_venn
D:3:      layout_basic, serial_aquarium, aquarium_bridge_square
          [aquarium_subvault_bridge, aquarium_subvault_balcony,
          aquarium_subvault_wall, aquarium_subvault_window],
          aquarium_bridge_long_separate [aquarium_subvault_bridge,
          aquarium_subvault_bridge, aquarium_subvault_wall,
          aquarium_subvault_bridge, aquarium_subvault_bridge,
          aquarium_subvault_wall], aquarium_window_corner,
          aquarium_window_corner, aquarium_window_2, aquarium_window_1,
          aquarium_view_2e, aquarium_view_2a
D:4:      layout_basic
D:5:      layout_loops_corners, minmay_temple_entry_statues_pillars,
          gup_ossuary_entry_pyramid
D:6:      nicolae_cairo_tiling_large, layout_rooms,
          cheibrodos_sewer_entry_sluice
D:7:      layout_loops_ring, serial_shops, nicolae_stop_n_shop_1,
          serial_bayou_pond_a
Temple:   mainiacjoe_temple_trianglar_array

Skill      XL: |  1  2  3  4  5  6  7  8 |
---------------+-------------------------+-----
Shields        | 1 2 3 4 |  4.0
Necromancy     | 5 6 7 8 9 |  9.6
Spellcasting   | 3 4 5 |  5.3
Fighting       | 2 |  2.4
Dodging        | |  1.7
Stealth        | |  1.7

Action                   |  1- 3 |  4- 6 |  7- 9 || total
-------------------------+-------+-------+-------++-------
Melee: Dagger            |     4 |     6 |       ||    10
       Trident           |       |    34 |    81 ||   115
 Cast: Pain              |    72 |    74 |    84 ||   230
       Vampiric Draining |       |     3 |     9 ||    12
       Animate Skeleton  |       |     4 |     1 ||     5
       Animate Dead      |       |       |     3 ||     3
Invok: Receive Corpses   |       |       |     2 ||     2
  Use: Scroll            |       |       |     1 ||     1
 Stab: Distracted        |       |     1 |       ||     1
Armor: Robe              |     1 |     7 |    25 ||    33
Dodge: Dodged            |     4 |    17 |    36 ||    57
Block: Buckler           |     1 |    27 |    57 ||    85
       Other             |     1 |       |       ||     1

Table legend: (Time is in decaauts)
 A = Elapsed time spent in this place.
 B = Non-inter-level travel time spent in this place.
 C = Inter-level travel time spent in this place.
 D = Time resting spent in this place.
 E = Time spent auto-exploring this place.
 F = Levels seen in this place.
 G = Mean time per level.
                   A        B        C        D        E       F      G
               +--------+--------+--------+--------+--------+-----+--------+
         Total |   8199 |   7894 |    305 |    407 |   6521 |   8 | 1024.9 |
       Dungeon |   7770 |   7521 |    249 |    407 |   6150 |   7 | 1110.0 |
        Temple |    429 |    373 |     56 |      0 |    371 |   1 |  429.0 |
               +--------+--------+--------+--------+--------+-----+--------+

Top non-repeatable levels by time:
     D:5: 2247 daAuts
     D:1: 1191 daAuts
     D:4: 1145 daAuts
     D:6: 1112 daAuts
     D:3: 1087 daAuts
     D:2: 853 daAuts
  Temple: 429 daAuts
     D:7: 132 daAuts
